 Dungeon Crawl Stone Soup version 0.31.0-11-ge490571c62 (webtiles) character file.

Game seed: 14796803595596976875

6290 magipi the Arsonist (level 10, 0/50 HPs)
             Began as a Deep Elf Fire Elementalist on Feb 7, 2024.
             Was a Follower of Sif Muna.
             Slain by a death yak (14 damage)
             ... on level 7 of the Dungeon.
             The game lasted 00:24:44 (6862 turns).

magipi the Arsonist (Deep Elf Fire Elementalist)    Turns: 6862, Time: 00:24:45

Health: 0/50       AC:  8    Str:  5    XL:     10   Next: 63%
Magic:  12/24      EV: 13    Int: 25    God:    Sif Muna [*.....]
Gold:   588        SH:  0    Dex: 18    Spells: 14/25 levels left

rFire   + + +        a - +3 dagger (speed)
rCold   . . .        (no shield)
rNeg    . . .        D - +2 robe "Viyraja" {^Drain rPois rF+++ Dex+3}
rPois   +            p - +1 helmet
rElec   .            B - +0 cloak
rCorr   .            (no gloves)
SInv    .            E - +0 pair of boots
Will    +....        r - amulet of magic regeneration
Stlth   ++           z - ring of wizardry
HPRegen 0.28/turn    x - +4 ring of slaying
MPRegen 0.59/turn

%: wizardry (x1)
@: no status effects
A: no striking features
a: Renounce Religion, Channel Magic


You were on level 7 of the Dungeon.
You worshipped Sif Muna.
Sif Muna was aware of your devotion.
You visited 2 branches of the dungeon, and saw 9 of its levels.

You collected 588 gold pieces.

Inventory:

Hand Weapons
 a - a +3 dagger of speed (weapon)
 b - a +2 trident of electrocution
Missiles
 e - a throwing net
Armour
 p - a +1 helmet (worn)
 B - a +0 cloak (worn)
 D - the +2 robe "Viyraja" (worn) {^Drain rPois rF+++ Dex+3}
   (You found it on level 4 of the Dungeon)

   Dex+3:     It affects your dexterity (+3).
   rF+++:     It renders you almost immune to fire.
   rPois:     It protects you from poison ^Drain: It drains your maximum health
   when unequipped.
 E - a +0 pair of boots (worn)
Jewellery
 d - a ring of ice
 r - an amulet of magic regeneration (around neck)
 x - a +4 ring of slaying (right hand)
 z - a ring of wizardry (left hand)
Wands
 w - a wand of acid (3)
Scrolls
 f - a scroll of blinking
 j - a scroll of teleportation
 v - 2 scrolls of poison
 y - a scroll of immolation
 A - 2 scrolls of vulnerability
Potions
 c - a potion of ambrosia
 g - a potion of lignification
 h - 4 potions of haste
 i - 5 potions of curing
 k - 2 potions of cancellation
 l - 4 potions of enlightenment
 m - a potion of berserk rage {unknown}
 n - 3 potions of mutation
 o - a potion of magic
 u - 2 potions of attraction
 C - a potion of brilliance


   Skills:
 - Level 2.4 Dodging
 - Level 2.4 Stealth
 + Level 8.3 Spellcasting
 - Level 11.0 Conjurations
 - Level 11.0 Fire Magic
 + Level 6.5 Invocations


You had 14 spell levels left.
You knew the following spells:

 Your Spells              Type           Power      Damage    Failure   Level
a - Foxfire               Conj/Fire      100%       2x1d9     1%          1
b - Scorch                Fire           100%       2d9       1%          2
c - Sting                 Conj/Alch      100%       1d9       1%          1
s - Stone Arrow           Conj/Erth      74%        3d11      1%          3
F - Flame Wave            Conj/Fire      60%        2d14      1%          4

Your spell library contained the following spells:

 Spells                   Type           Power      Damage    Failure   Level
 Magic Dart               Conj           100%       1d8       1%          1
 Searing Ray              Conj           100%       2d8       1%          2
 Inner Flame              Hex/Fire       37%        N/A       1%          3
 Volatile Blastmotes      Fire/Tloc      74%        2d16      1%          3
 Sandblast                Erth           20%        2d7       2%          1
 Brom's Barrelling Bould  Conj/Erth      37%        2d6       2%          4
 Fulminant Prism          Conj/Alch      18%        3d10      2%          4
 Mercury Vapours          Alch/Air       20%        N/A       3%          2
 Starburst                Conj/Fire      30%        6d9       4%          6
 Passwall                 Erth           10%        N/A       7%          3
 Summon Ice Beast         Ice/Summ       10%        N/A       7%          3
 Olgreb's Toxic Radiance  Alch           10%        N/A       22%         4
 Plasma Beam              Fire/Air       18%        2x1d30    34%         6
 Summon Mana Viper        Hex/Summ       10%        N/A       52%         5
 Monstrous Menagerie      Summ           5%         N/A       100%        7


Dungeon Overview and Level Annotations

Branches:
Dungeon (8/15)             Temple (1/1) D:4            Lair (0/5) D:8

Altars:
Ashenzari
Dithmenos
Elyvilon
Fedhas
Gozag
Hepliaklqana
Kikubaaqudgha
Makhleb
Nemelex Xobeh
Okawaru
Qazlal
Ru
Sif Muna
Trog
Uskayaw
Vehumet
Wu Jian
Xom
Yredelemnul
Zin
The Shining One

Shops:
D:2 (   D:3 (

Annotations:
D:3 2 transporters, mooncake's ghost, weakling AtFi
D:5 dig


Message History

The death yak is moderately wounded.
The death yak gores you.
Unknown command.
Unknown command.
Casting: Scorch (safe; 1% risk of failure)
Confirm with . or Enter, or press ? or * to list all spells.
Flames lash the death yak.
The death yak is burned terribly!
The death yak is heavily wounded.
The death yak gores you!
Unknown command.
Casting: Scorch (safe; 1% risk of failure)
Confirm with . or Enter, or press ? or * to list all spells.
Flames lash the death yak.
The death yak is burned terribly!
The death yak is heavily wounded.
The death yak misses you.
Unknown command.
Unknown command.
Casting: Scorch (safe; 1% risk of failure)
Confirm with . or Enter, or press ? or * to list all spells.
Flames lash the death yak but do no damage.
The death yak gores you!
* * * LOW HITPOINT WARNING * * *
Unknown command.
Unknown command.
Unknown command.
Casting: Scorch (safe; 1% risk of failure)
Confirm with . or Enter, or press ? or * to list all spells.
Casting: Flame Wave (safe; 1% risk of failure)
Press: ? - help, Dir - look around, f - activate A wave of flame ripples out!
The flame wave engulfs the death yak!
The death yak is burned terribly!
The death yak is severely wounded. (Press . to intensify the flame waves.)
The death yak gores you.
* * * LOW HITPOINT WARNING * * *
A wave of flame ripples out!
The flame wave engulfs the death yak!
The death yak is burned terribly!
The death yak is severely wounded.
The death yak gores you!
You die...

##############
#............#
#.##########.# #.#
#....#.# #.#
#.##.#.# #.#
#.#....# #.#
#.#..###
###.#####.#..#####
....[[.........Y@#
###.#.###.#....#.#
#.#.# #.#.##.#.#
#.#.# #.#.##.#.#
#.#.# #.#.##.#.#
#.#.###.#....#.#
##.....#.######.#
#...##.#........#
#...<#.############


You could see a death yak (combustible).

Vanquished Creatures
  4 death yaks
  Pikel (D:6)
  Maggie (D:8)
  Grinder (D:3)
  A steam dragon (D:8)
  Menkaure (D:4)
  A water moccasin (D:7)
  An acid dragon (D:8)
  3 orc warriors
  A sky beast (D:8)
  A black bear (D:5)
  4 ogres
  3 centaurs
  4 lemures (D:6)
  A kobold brigand (D:7)
  A bullfrog (D:8)
  A wyvern zombie (D:8)
  6 scorpions
  9 wights (D:7)
  A howler monkey (D:8)
  2 bombardier beetles (D:6)
  An orc priest (D:8)
  A gnoll bouda (D:4)
  3 hounds
  3 iguanas
  4 orc wizards
  Robin (D:2)
  A howler monkey zombie (D:8)
  6 adders
  7 gnolls
  2 dart slugs
  A ribbon worm (D:2)
  13 orcs
  2 bats (D:1)
  3 endoplasms
  3 giant cockroaches
  17 goblins
  7 hobgoblins
  4 jackals
  13 kobolds
  4 quokkas
  3 ball pythons
  4 frilled lizards
  3 rats
154 creatures vanquished.

Vanquished Creatures (others)
  80 foxfires
80 creatures vanquished.

Grand Total: 234 creatures vanquished

Notes
Turn   | Place    | Note
-------+----------+-------------------------------------------
     0 | D:1      | magipi the Deep Elf Fire Elementalist began the quest for
                  | the Orb.
     0 | D:1      | Reached XP level 1. HP: 10/10 MP: 6/6
   198 | D:1      | Learned a level 1 spell: Sting
   230 | D:1      | Reached XP level 2. HP: 15/15 MP: 6/8
   667 | D:1      | Learned a level 2 spell: Scorch
   839 | D:1      | Found a glowing silver altar of Zin.
   883 | D:2      | Reached XP level 3. HP: 19/19 MP: 9/9
   884 | D:2      | Noticed Robin
  1035 | D:2      | Killed Robin
  1201 | D:2      | Reached XP level 4. HP: 24/24 MP: 4/10
  1318 | D:2      | Found Keakkybo's Weapon Emporium.
  1596 | D:3      | Found a transporter.
  1602 | D:3      | Noticed mooncake's ghost (weakling AtFi)
  1625 | D:3      | Found a transporter.
  1817 | D:3      | Found a faded altar of an unknown god.
  1823 | D:3      | Found a glowing silver altar of Zin.
  2055 | D:3      | Found Ducluz's Antique Weapon Shop.
  2133 | D:4      | Noticed an ogre
  2133 | D:4      | Noticed Grinder
  2186 | D:4      | Paralysed by Grinder for 4 turns
  2196 | D:3      | Killed Grinder
  2197 | D:3      | Reached skill level 5 in Fire Magic
  2197 | D:3      | Reached XP level 5. HP: 19/28 MP: 2/11
  2197 | D:3      | Reached XP level 6. HP: 22/32 MP: 2/12
  2264 | D:4      | Reached skill level 5 in Conjurations
  2314 | D:4      | Found a staircase to the Ecumenical Temple.
  2354 | D:4      | Reached XP level 7. HP: 3/36 MP: 5/13
  2361 | Temple   | Entered the Ecumenical Temple
  2533 | D:4      | Identified the +2 robe "Viyraja" {^Drain rPois rF+++ Dex+3}
  2838 | D:4      | Found a bloodstained altar of Trog.
  2985 | D:4      | Noticed Menkaure
  2992 | D:4      | Killed Menkaure
  3063 | D:4      | Found a shimmering blue altar of Sif Muna.
  3119 | D:4      | Became a worshipper of Sif Muna the Loreminder
  3139 | D:5      | Entered Level 5 of the Dungeon
  3239 | D:5      | Reached XP level 8. HP: 40/41 MP: 8/14
  3331 | D:5      | Learned a level 3 spell: Stone Arrow
  3336 | D:5      | Learned a level 4 spell: Flame Wave
  3439 | D:5      | Found an ornate altar of the Wu Jian Council.
  4182 | D:6      | Found a burning altar of Makhleb.
  4251 | D:6      | Noticed Pikel
  4258 | D:6      | Killed Pikel
  4314 | D:6      | Identified the +8 long sword of Bodily Harmony {venom, rC-
                  | Str+2 Dex+5}
  4396 | D:6      | Reached XP level 9. HP: 45/45 MP: 9/15
  4750 | D:7      | Reached skill level 10 in Fire Magic
  4753 | D:7      | Reached * piety under Sif Muna
  4920 | D:7      | Found a radiant altar of Vehumet.
  4931 | D:7      | Reached skill level 10 in Conjurations
  5466 | D:8      | Noticed a death yak
  5472 | D:8      | Found a staircase to the Lair.
  5472 | D:8      | Noticed Maggie
  5483 | D:8      | Noticed a death yak
  5484 | D:8      | Noticed a death yak
  5488 | D:7      | HP: 1/45 [death yak (19)]
  5489 | D:7      | Killed a death yak
  5751 | D:8      | Reached XP level 10. HP: 50/50 MP: 13/19
  5770 | D:8      | Killed Maggie
  5771 | D:8      | Reached skill level 5 in Spellcasting
  5888 | D:8      | Noticed a death yak
  5889 | D:8      | Noticed a death yak
  5910 | D:8      | Killed a death yak
  6112 | D:8      | Found a basalt altar of Yredelemnul.
  6174 | D:8      | Reached skill level 5 in Invocations
  6266 | D:8      | Noticed a death yak
  6276 | D:8      | Noticed a death yak
  6284 | D:7      | Killed a death yak
  6615 | D:8      | Killed a death yak
  6862 | D:7      | Slain by a death yak

Illustrated notes

Levels and vault maps discovered:
D:1:      dpeg_arrival_water_altar, layout_loops_cross, hex_tiny,
          minmay_tromino_v7
D:2:      layout_rooms, serial_shops, nicolae_shop_bloodbath_and_beyond,
          uniq_robin
D:3:      layout_basic, nicolae_overflow_ecumenical_swirl,
          gammafunk_ghost_arena, serial_shops, shop_statue
D:4:      layout_rooms, trog_hazing_becter, led_sif_book,
          minmay_temple_entry_glass, grunt_ministairs_6, uniq_menkaure,
          uniq_grinder
D:5:      layout_rooms, mainiacjoe_overflow_cross_hatched, due_unseen_surprise
D:6:      layout_rooms, amcnicky_altar_gilded, wad_floor_pattern_untrapped,
          dreamdust_wishing_well, nicolae_houndstooth_variations, uniq_pikel
D:7:      layout_basic, nicolae_vehumet_altar_sigil,
          nicolae_concentric_dashed_squares_wild
D:8:      layout_cave_pools, lemuel_zombie_altar_yredelemnul,
          dpeg_lair_monsters, uniq_maggie
Temple:   nicolae_temple_ecumenical_triangle

Skill      XL: |  1  2  3  4  5  6  7  8  9 10 |
---------------+-------------------------------+-----
Conjurations   | 2 3 4 5 7 9 10 11 | 11.0
Fire Magic     | 4 5 6 7 9 11 | 11.0
Spellcasting   | 4 8 |  8.3
Invocations    | 2 6 |  6.5
Dodging        | |  2.4
Stealth        | |  2.4

Action                     |  1- 3 |  4- 6 |  7- 9 | 10-12 || total
---------------------------+-------+-------+-------+-------++-------
  Melee: Dagger            |     7 |     3 |     4 |       ||    14
   Cast: Foxfire           |    28 |    15 |     4 |       ||    47
         Sting             |     2 |       |     1 |       ||     3
         Scorch            |    10 |    23 |    97 |    45 ||   175
         Flame Wave        |       |       |    18 |     5 ||    23
  Evoke: Wand              |       |       |     5 |       ||     5
    Use: Scroll            |       |       |    20 |     2 ||    22
   Stab: Sleeping          |     6 |     1 |     2 |       ||     9
 Armour: Robe              |    20 |    11 |    56 |    34 ||   121
  Dodge: Dodged            |    23 |    14 |    54 |    21 ||   112
